 Dungeon Crawl Stone Soup version 0.29-a0-719-g0fec994a2d (webtiles) character file.

Game seed: 17137735228754506178

35 Haaias the Magician (level 3, -3/25 HPs)
             Began as a Djinni Air Elementalist on June 27, 2022.
             Frozen to death by an endoplasm (4 damage)
             ... on level 2 of the Dungeon.
             The game lasted 00:03:23 (1851 turns).

Haaias the Magician (Djinni Air Elementalist)       Turns: 1851, Time: 00:03:23

Health: -3/25      AC:  3    Str:  7    XL:     3   Next: 52%
Gold:   27         EV: 11    Int: 18    God:
                   SH:  0    Dex: 13

rFire   + + .      SeeInvis .   (no weapon)
rCold   x . .      Faith    .   (no shield)
rNeg    . . .      Spirit   .   b - +0 leather armour
rPois   ∞          Reflect  .   (no helmet)
rElec   .          Harm     .   (no cloak)
rCorr   .          Rampage  .   (no gloves)
Will    .....                   (boots unavailable)
Stlth   ++........              (no amulet)
HPRegen 0.08/turn               (no ring)
MPRegen 0.00/turn               (no ring)

@: flying, very slightly contaminated
A: sickness immunity, fire resistance 2, cold vulnerability 1, float, innate
caster, HP casting, extra vitality 1
a: no special abilities


You were on level 2 of the Dungeon.
You visited 1 branch of the dungeon, and saw 2 of its levels.

You collected 27 gold pieces.

Inventory:

Armour
 a - a +0 robe
 b - a +0 leather armour (worn)
Scrolls
 c - a scroll of identify {unknown}
 d - 2 scrolls of teleportation {unknown}
 g - a scroll of summoning {unknown}
 h - a scroll of immolation {unknown}
 i - a scroll of magic mapping {unknown}
 j - a scroll of fog {unknown}
 k - a scroll of vulnerability {unknown}
Potions
 e - 2 potions of resistance {unknown}
 f - a potion of heal wounds {unknown}


   Skills:
 + Level 2.3 Dodging
 + Level 1.6 Stealth
 * Level 3.3 Spellcasting


You couldn't memorise any spells.
You knew the following spells:

 Your Spells              Type           Power      Damage    Failure   Level
a - Shock                 Conj/Air       60%        1d6       6%          1
b - Static Discharge      Conj/Air       15%        N/A       9%          2
c - Swiftness             Air            15%        N/A       19%         3
d - Airstrike             Air            7%         N/A       52%         4
e - Necrotize             Necr           60%        1d7       6%          1
Your spell library was empty.

Dungeon Overview and Level Annotations

Branches:
Dungeon (2/15)

Altars:


Innate Abilities, Weirdness & Mutations

You are immune to sickness and miasma.
You are immune to poison.
Your flesh is very heat resistant. (rF++)
You are vulnerable to cold. (rC-)
You float through the air rather than walking.
You learn spells naturally, not from books.
Your magical power is your life essence.
You have superior vitality. (+4 MHP)


Message History

Unknown command.
Aiming: Shock (safe; 6% risk of failure)
Press: ? - help, Q - select action, (/) - cycle Shift-Dir - straight line, f/p - adder
Aim: an adder (almost dead, 53% to hit)
The zap misses the adder.
* * * LOW HITPOINT WARNING * * *
The adder barely misses you.
The endoplasm hits you but does no damage.
The ball python bites you.
* * * LOW HITPOINT WARNING * * *
The ball python constricts you.
Aiming: Shock (safe; 6% risk of failure)
Press: ? - help, Q - select action, (/) - cycle Shift-Dir - straight line, f/p - adder
Aim: an adder (almost dead, 53% to hit)
Okay, then.
Sorry, you're not good enough to have a special ability.
You escape the ball python's grasp.
The adder attacks as you move away! The adder barely misses you.
The endoplasm jiggles.
Sorry, you're not good enough to have a special ability.
Casting: Shock (safe; 6% risk of failure)
Confirm with . or Enter, or press ? or * to list all spells.
You miscast Static Discharge.
Nothing appears to happen.
* * * LOW HITPOINT WARNING * * *
The adder closely misses you. The endoplasm barely misses you.
There's nothing to open nearby.
Casting: Static Discharge (safe; 9% risk of failure)
Confirm with . or Enter, or press ? or * to list all spells.
You don't have enough health to cast this spell.
You are too injured to fight recklessly!
Sorry, you're not good enough to have a special ability.
Aiming: Shock (safe; 6% risk of failure)
Press: ? - help, Q - select action, (/) - cycle Shift-Dir - straight line, f/p - adder
Aim: an adder (almost dead, 53% to hit)
The zap hits the adder.
You kill the adder!
* * * LOW HITPOINT WARNING * * *
The endoplasm freezes you.
You are frozen.
You feel a terrible chill!
You die...

##.
########...
#..........
#..........
#..........
#..........
#..J......#
#.@†......#
#..S.....(#
#.........#
#.........#
#.........#
###########


You could see an endoplasm and a ball python.

Vanquished Creatures
  An adder (D:2)
  A dart slug (D:1)
  11 ball pythons (D:1)
  2 endoplasms (D:1)
  5 goblins (D:1)
  3 hobgoblins (D:1)
  A quokka (D:1)
  4 bats (D:1)
  2 frilled lizards (D:1)
  A kobold (D:1)
  3 rats (D:1)
34 creatures vanquished.

Notes
Turn   | Place    | Note
-------+----------+-------------------------------------------
     0 | D:1      | Haaias the Djinni Air Elementalist began the quest for the
                  | Orb.
     0 | D:1      | Haaias set off with the following spells memorised: Shock,
                  | Static Discharge, Swiftness, Airstrike.
     0 | D:1      | Reached XP level 1. HP: 15/15 MP: 0/0
   320 | D:1      | Reached XP level 2. HP: 15/21 MP: 0/0
   736 | D:1      | Reached skill level 3 in Spellcasting
   771 | D:1      | Found a faded altar of an unknown god.
   784 | D:1      | Reached XP level 3. HP: 14/25 MP: 0/0
   784 | D:1      | Learned a level 1 spell: Necrotize
  1851 | D:2      | Frozen to death by an endoplasm

Illustrated notes

Levels and vault maps discovered:
D:1:      dpeg_arrival_short_road, layout_basic,
          nicolae_ecumenical_snake_handling
D:2:      layout_rooms, basic_altar

Skill      XL: |  1  2 |
---------------+-------+-----
Spellcasting   | 3 |  3.3
Dodging        | |  2.3
Stealth        | |  1.6

Action                   || total
-------------------------++-------
Melee: Unarmed           ||     8
 Cast: Shock             ||    63
Armor: Leather armour    ||    11
Dodge: Dodged            ||    12

Table legend: (Time is in decaauts)
 A = Elapsed time spent in this place.
 B = Non-inter-level travel time spent in this place.
 C = Inter-level travel time spent in this place.
 D = Time resting spent in this place.
 E = Time spent auto-exploring this place.
 F = Levels seen in this place.
 G = Mean time per level.
                   A        B        C        D        E       F      G
               +--------+--------+--------+--------+--------+-----+--------+
         Total |   1851 |   1815 |     36 |    440 |   1210 |   2 |  925.5 |
       Dungeon |   1851 |   1815 |     36 |    440 |   1210 |   2 |  925.5 |
               +--------+--------+--------+--------+--------+-----+--------+

Top non-repeatable levels by time:
     D:1: 1838 daAuts
     D:2: 12 daAuts
